 Dungeon Crawl Stone Soup version 0.23-a0-417-gf02c810 (webtiles) character file.

336 Amnesiac the Digger (level 6, 24/24 HPs)
             Began as a Felid Earth Elementalist on Nov 10, 2018.
             Quit the game in an ossuary.
             The game lasted 00:08:34 (3521 turns).

Amnesiac the Digger (Felid Earth Elementalist)      Turns: 3521, Time: 00:08:35

Health: 24/24      AC:  2    Str:  4    XL:     6   Next: 28%
Magic:  23/23      EV: 18    Int: 18    God:
Gold:   117        SH:  0    Dex: 17    Spells: 5/15 levels left
                                        Lives:  1   Deaths: 1

rFire    . . .     SeeInvis +   (weapon unavailable)
rCold    . . .     Gourm    .   (shield unavailable)
rNeg     . . .     Faith    .   (armour unavailable)
rPois    .         Spirit   .   (helmet unavailable)
rElec    .         Reflect  .   (cloak unavailable)
rCorr    .         Harm     .   (gloves unavailable)
MR       .....                  (boots unavailable)
Stlth    +++.......             (no amulet)
HPRegen  0.08/turn              i - ring of magical power
MPRegen  0.18/turn              (no ring)

@: quick
A: very small, no armour, no weapons or thrown items, stealth, claws 1, fangs 3,
see invisible, carnivore, speed 1, shaggy fur 2, slow metabolism 1, sharp paws
a: no special abilities


You were in an ossuary.
You were not hungry.

You visited 1 branch of the dungeon, and saw 5 of its levels.
You also visited: Ossuary.

You collected 117 gold pieces.

Inventory:

Jewellery
 i - a ring of magical power (left paw)
Wands
 b - a wand of polymorph (5)
Scrolls
 c - a scroll of fog {!r, unknown}
 e - a scroll of immolation {!r, unknown}
 j - 2 scrolls of remove curse {!r}
 k - a scroll of identify {!r}
Potions
 a - 3 potions of curing {!q}
 f - 2 potions of haste {!q}
 g - a potion of mutation {!q}
 h - a potion of cancellation {!q}


   Skills:
 - Level 2.6 Dodging
 - Level 2.6 Stealth
 * Level 5.3 Spellcasting
 - Level 1.1 Transmutations
 - Level 6.0 Earth Magic


You had 5 spell levels left.
You knew the following spells:

 Your Spells              Type           Power        Failure   Level  Hunger
a - Stone Arrow           Conj/Erth      ###...       12%         3    ##.....
b - Passwall              Tmut/Erth      ###.....     4%          2    #......
c - Sandblast             Erth           ####..       1%          1    None
e - Petrify               Tmut/Erth      ###.....     30%         4    ####...

Your spell library contained the following spells:

 Spells                   Type           Power        Failure   Level  Hunger
 Lee's Rapid Deconstruct  Erth           ####......   30%         5    ######.


Dungeon Overview and Level Annotations

Branches:
Dungeon (5/15)
 Temple: D:4-7

Altars:
Fedhas
Ru
Trog
Uskayaw
Yredelemnul
The Shining One


Innate Abilities, Weirdness & Mutations

You cannot wear armour.
You are incapable of wielding weapons or throwing items.
Your paws allow you to move quietly. (Stealth)
You have sharp claws.
You have razor-sharp teeth.
You have supernaturally acute eyesight. (SInv)
You are carnivorous and can eat meat at any time.
You cover ground quickly.
You are covered in thick fur. (AC +2)
You have a slow metabolism.
Your sharp claws are effective at attacking unaware monsters.


Message History

You open the door.
A human zombie comes into view.
There is an open door here.
The human zombie closely misses you.
You open the door.
You found an arrow trap!
The human zombie closely misses you.
There is an open door here.
You found an arrow trap!
You open the door.
A scorpion and 2 zombies come into view.
There is an open door here.
A scorpion comes into view.
The big kobold zombie closely misses you.
The scorpion stings you.
You are poisoned.
The scorpion poisons you!
You are starving!
You feel sick.
The big kobold zombie closely misses you. x2
The scorpion completely misses you.
You feel sick. The scorpion closely misses you.
You open the door.
A scorpion and 2 zombies come into view.
You feel sick. The scorpion completely misses you.
The big kobold zombie hits you.
You scratch the centaur zombie but do no damage.
You feel sick. The centaur zombie barely misses you. The scorpion stings you!
* * * LOW HITPOINT WARNING * * *
The centaur zombie misses you.
Really quaff
a - 4 potions of curing {!q}?
You feel better.
The big kobold zombie barely misses you.
The big kobold zombie hits you.
* * * LOW HITPOINT WARNING * * *
The scorpion misses you. The centaur zombie hits you.
* * * LOW HITPOINT WARNING * * *
Really read
d - a scroll of teleportation {!r}?
As you read the scroll of teleportation {!r}, it crumbles to dust.
You feel strangely unstable. The centaur zombie misses you.
The big kobold zombie barely misses you.
The scorpion barely misses you.
The big kobold zombie closely misses you.
Okay, then.
Really quaff
l - a white potion {!q}?
It was a potion of agility {!q}.
You feel agile all of a sudden.
The centaur zombie completely misses you.
The scorpion closely misses you.
The big kobold zombie hits you but does no damage.
The big kobold zombie completely misses you.
You don't have the energy to cast that spell.
Okay, then.
The centaur zombie hits you.
* * * LOW HITPOINT WARNING * * *
The scorpion barely misses you. The centaur zombie hits you.
* * * LOW HITPOINT WARNING * * *
The big kobold zombie closely misses you.
The big kobold zombie completely misses you.
The centaur zombie misses you. The scorpion stings you!
You die...
You are now level 6!
You rejoin the land of the living...
Are you sure you want to abandon this character and quit the game? (Confirm

####################
#.....#.....#...#??!
#.....#.....'...#...
#..@..8.....#...#M.?
#...........##'#####
#...........#...#...
###8.....8###...#...
#...........#...#...
#...........##'###8.
#.....8.....#...#...
#.....#.....#^^.'...
#.....#.....#...#...


There were no monsters in sight!

Vanquished Creatures
  A water moccasin (D:5)
  A water moccasin skeleton (D:3)
  4 scorpions (Ossuary)
  A howler monkey (D:4)
  A human zombie (Ossuary)
  A hound (D:5)
  Natasha (D:3)
  A worker ant (D:4)
  A big kobold zombie (Ossuary)
  A hound skeleton (D:2)
  A mummy (Ossuary)
  2 adders
  6 scorpion zombies (Ossuary)
  2 shadow imps (D:5)
  An adder zombie (D:5)
  An adder skeleton (D:4)
  A dart slug (D:2)
  2 leopard geckos
  An orc (D:4)
  A bat (D:3)
  A bat skeleton (D:2)
  A giant cockroach (D:1)
  3 hobgoblins
  8 jackals
  3 kobolds (D:1)
  2 frilled lizards
  3 gnoll zombies (Ossuary)
  A goblin zombie (D:4)
  2 hobgoblin zombies (D:4)
  A kobold skeleton (D:4)
56 creatures vanquished.

Notes
Turn   | Place    | Note
-------+----------+-------------------------------------------
     0 | D:1      | Amnesiac the Felid Earth Elementalist began the quest for
                  | the Orb.
     0 | D:1      | Reached XP level 1. HP: 7/7 MP: 4/4
    72 | D:1      | Reached skill level 3 in Earth Magic
   297 | D:2      | Reached XP level 2. HP: 10/11 MP: 1/6
   301 | D:2      | Learned a level 2 spell: Passwall
   433 | D:3      | Noticed Natasha
   438 | D:3      | Killed Natasha
   438 | D:3      | Reached XP level 3. HP: 4/14 MP: 3/7
   638 | D:3      | Reached skill level 4 in Earth Magic
   638 | D:3      | Reached XP level 4. HP: 6/18 MP: 1/9
   644 | D:3      | Learned a level 4 spell: Petrify
   819 | D:3      | Found a blossoming altar of Fedhas.
   857 | D:3      | Found a faded altar of an unknown god.
  1034 | D:4      | Reached XP level 5. HP: 21/21 MP: 7/10
  1134 | D:4      | Found a sacrificial altar of Ru.
  1134 | D:4      | Found a hide-covered altar of Uskayaw.
  1185 | D:4      | Found a glowing golden altar of the Shining One.
  1511 | D:4      | Noticed a phantom
  1529 | D:4      | Learned a level 3 spell: Stone Arrow
  1573 | D:4      | Found a bloodstained altar of Trog.
  1753 | D:5      | Entered Level 5 of the Dungeon
  1782 | D:5      | Reached skill level 5 in Earth Magic
  1986 | D:5      | Found a basalt altar of Yredelemnul.
  1986 | D:5      | Noticed a water moccasin
  1991 | D:5      | Killed a water moccasin
  1991 | D:5      | Gained mutation: You are covered in thick fur. (AC +2)
                  | [Felid growth]
  1991 | D:5      | Reached XP level 6. HP: 8/24 MP: 11/12
  2158 | D:5      | Found a sand-covered staircase.
  2164 | Ossuary  | Entered an ossuary
  3128 | Ossuary  | Reached skill level 6 in Earth Magic
  3128 | Ossuary  | Reached XP level 7. HP: 27/27 MP: 15/15
  3210 | Ossuary  | Reached skill level 5 in Spellcasting
  3520 | Ossuary  | Slain by a scorpion
  3521 | Ossuary  | Reached XP level 6. HP: -4/24 MP: 23/23
  3521 | Ossuary  | Quit the game

Vault maps used:
D:1:      dpeg_arrival_orchard, solitary_fountain, serial_bayou_ford_a,
          minmay_pentomino_w4
D:2:      grunt_gozag_statues, marbit_many_paths, first_ration, serial_undead,
          serial_undead_e, serial_undead_e, serial_undead_b, serial_undead_e,
          serial_undead_e, serial_undead_f
D:3:      minmay_goblin_kobold_castle, tgw_fedhas,
          chequers_ecumenical_altar_twisty, hex_tiny, uniq_natasha, uniq_robin
D:4:      nicolae_tso_besieged_by_evil, amethyst_overflow_temple_binary,
          chequers_big_river, bloody_trog, uniq_crazy_yiuf_cottage
D:5:      old_standard_altar, gup_ossuary_entry_pyramid,
          kb_lookout_dungeons_type
Ossuary:  ossuary_minmay_scorpions

Skill      XL: |  1  2  3  4  5  6  7 |
---------------+----------------------+-----
Earth Magic    | 3 4 5 6 |  6.0
Spellcasting   | 3 4 5 |  5.3
Dodging        | |  2.6
Stealth        | |  2.6
Transmutations | |  1.1

Action                   |  1- 3 |  4- 6 |  7- 9 || total
-------------------------+-------+-------+-------++-------
Melee: Unarmed           |    15 |    64 |     4 ||    83
       Bite              |     1 |     6 |       ||     7
 Cast: Sandblast         |    17 |    25 |       ||    42
       Stone Arrow       |       |    61 |    12 ||    73
  Use: Scroll            |       |     5 |     1 ||     6
       Potion            |       |     3 |     2 ||     5
 Stab: Sleeping          |     1 |     4 |       ||     5
  Eat: Ration            |       |     4 |       ||     4
       Chunk             |       |     1 |       ||     1
Armor: Skin              |     2 |     2 |     1 ||     5
Dodge: Dodged            |    23 |    95 |    27 ||   145

Table legend:
 A = Non-vault XP
 B = Vault XP
 C = Vault XP percentage of total XP
 D = Non-vault monster count
 E = Vault monster count
 F = Vault count percentage of total count
                 A         B        C        D         E       F
            +---------+---------+-------+---------+---------+-------
      Total |     442 |     490 |  52.6 |      27 |      29 |  51.8
            +---------+---------+-------+---------+---------+-------
        D:1 |       0 |      10 | 100.0 |       0 |       6 | 100.0
        D:2 |       4 |      20 |  83.3 |       1 |       2 |  66.7
        D:3 |      90 |      36 |  28.6 |       9 |       1 |  10.0
        D:4 |     107 |       4 |   3.6 |       7 |       4 |  36.4
        D:5 |     241 |       0 |   0.0 |      10 |       0 |   0.0
    Ossuary |       0 |     420 | 100.0 |       0 |      16 | 100.0
            +---------+---------+-------+---------+---------+-------
